 Dungeon Crawl Stone Soup version 0.19-a0-675-gf8984cf (webtiles) character file.

338 zero the Chopper (level 6, -3/37 HPs)
             Began as a Gargoyle Berserker on June 16, 2016.
             Was a Believer of Trog.
             Killed from afar by Pikel (19 damage)
             ... with a wand of acid
             ... on level 4 of the Dungeon.
             The game lasted 00:04:21 (3263 turns).

zero the Chopper (Gargoyle Berserker)               Turns: 3263, Time: 00:04:21

Health: -3/37      AC: 12    Str: 22    XL:     6   Next: 55%
Magic:  6/6        EV: 11    Int:  8    God:    Trog [**....]
Gold:   154        SH:  0    Dex:  9    Spells: 0 memorised, 5 levels left

rFire  . . .     SeeInvis .     r - +0 war axe
rCold  . . .     Gourm    .     h - +0 ring mail
rNeg   + . .     Faith    .     (no shield)
rPois  ∞         Spirit   .     s - +0 hat
rElec  +         Dismiss  .     a - +0 cloak
rCorr  .         Reflect  .     (no gloves)
SustAt .         Harm     .     q - +0 pair of boots
MR     .....                    (no amulet)
Stlth  ..........               (no ring)
                                (no ring)

@: exhausted, slowed, very slow, not resistant to hostile enchantments,
extremely unstealthy
A: negative energy resistance 1, electricity resistance, unbreathing,
petrification resistance, rot immunity, AC +4
a: Berserk, Trog's Hand, Burn Spellbooks, Renounce Religion


You were on level 4 of the Dungeon.
You worshipped Trog.
Trog was pleased with you.
You were hungry.

You visited 1 branch of the dungeon, and saw 4 of its levels.

You collected 154 gold pieces.

Inventory:

Hand Weapons
 r - a +0 war axe (weapon)
Missiles
 g - 6 poisoned javelins (quivered)
Armour
 a - a +0 cloak (worn)
 h - a +0 ring mail (worn)
 q - a +0 pair of boots (worn)
 s - a +0 hat (worn)
Scrolls
 b - a scroll of recharging
 d - a scroll of teleportation
 e - a scroll of blinking {unknown}
 n - a scroll of identify
Potions
 f - a potion of might
 i - a potion of lignification {unknown}
 o - a potion of flight {unknown}
 p - 2 potions of curing {unknown}
Comestibles
 c - 2 bread rations
 j - 3 chunks of flesh
 k - 5 fruits
 l - a meat ration
 m - 2 slices of pizza


   Skills:
 - Level 3.2 Fighting
 + Level 6.0 Axes
 + Level 3.6 Armour
 - Level 1.5 Dodging


You had 5 spell levels left.
You didn't know any spells.

Dungeon Overview and Level Annotations

Branches:
Dungeon (4/15)
 Temple: D:4-7

Altars:
Pakellas
Ru
Xom

Annotations:
D:4 Eustachio, Pikel


Innate Abilities, Weirdness & Mutations

You are resistant to torment.
Your stone body is resilient. (AC +4)
You are immune to poison.
You resist negative energy. (rN+)
You are resistant to electric shocks. (rElec)
You can survive without breathing.
You are immune to petrification.
You are immune to rotting.


Message History

The bat hits you but does no damage. The bat barely misses you.
The river rat bites you but does no damage.
Eustachio mumbles some strange words.
Eustachio blinks!
The scorpion moves out of view.
Pikel says, "You'll fetch a fair price!"
The river rat bites you. The slave hits you but does no damage.
The bat hits you but does no damage. x3
Eustachio casts a spell.
Eustachio blinks!
The river rat barely misses you.
You barely miss the bat. You barely miss the slave.
You hit the river rat but do no damage. The bat barely misses you.
The bat hits you but does no damage. The bat barely misses you.
The bat hits you but does no damage. The river rat closely misses you.
The slave hits you.
Eustachio mumbles some strange words.
The bat hits you but does no damage.
The river rat bites you but does no damage.
The slave barely misses you.
Pikel zaps a wand.
The bolt of acid hits you!
Ouch! That really hurt!
You die...

.....[..?.....
...@.......#'
..5..........
............#
..........s.#
........§.p(#
.......b....#
......%pprK.#
.......b@...#
............#
.......†....#
....(.......#
............#
..?......<..#
............#
...>....[...#
###########.#


You could see Eustachio, Pikel, 3 slaves, a scorpion, a quasit, a river rat and
2 bats.

Vanquished Creatures
  A water moccasin (D:4)
  A slave (D:4)
  An orc wizard (D:3)
  Jessica (D:2)
  A hound skeleton (D:4)
  10 adders
  A shadow imp (D:4)
  3 worms (D:2)
  A dart slug (D:2)
  A giant gecko (D:2)
  An orc (D:3)
  6 giant cockroaches
  6 goblins
  8 hobgoblins
  9 kobolds
  2 quokkas (D:2)
  10 bats
  4 giant newts
  2 rats (D:2)
69 creatures vanquished.

Notes
Turn   | Place    | Note
--------------------------------------------------------------
     0 | D:1      | zero the Gargoyle Berserker began the quest for the Orb.
     0 | D:1      | Reached XP level 1. HP: 14/14 MP: 1/1
   115 | D:1      | Reached skill level 3 in Axes
   224 | D:1      | Reached XP level 2. HP: 17/19 MP: 2/2
   737 | D:2      | Reached XP level 3. HP: 11/23 MP: 3/3
   932 | D:2      | Noticed Jessica
   937 | D:2      | Killed Jessica
   937 | D:2      | Reached skill level 4 in Axes
  1314 | D:2      | Reached XP level 4. HP: 8/28 MP: 4/4
  1554 | D:2      | Found an oddly glowing altar of Pakellas.
  1789 | D:2      | Found a shimmering altar of Xom.
  1902 | D:2      | Reached ** piety under Trog
  2426 | D:2      | Reached skill level 5 in Axes
  2426 | D:2      | Reached XP level 5. HP: 23/32 MP: 5/5
  2805 | D:3      | Found a faded altar of an unknown god.
  2899 | D:3      | Found a sacrificial altar of Ru.
  2978 | D:3      | Found a sacrificial altar of Ru.
  3214 | D:4      | Noticed Eustachio
  3222 | D:4      | Reached XP level 6. HP: 37/37 MP: 6/6
  3227 | D:4      | Noticed a water moccasin
  3228 | D:4      | Noticed a slave
  3235 | D:4      | Killed a water moccasin
  3235 | D:4      | Reached skill level 6 in Axes
  3242 | D:4      | Killed a slave
  3258 | D:4      | Noticed a slave
  3259 | D:4      | Noticed Pikel
  3259 | D:4      | Noticed a slave
  3261 | D:4      | Noticed a slave
  3263 | D:4      | Killed from afar by Pikel

Vault maps used:
D:1:      dpeg_arrival_tiny_c
D:2:      kennysheep_six_static_rooms, nicolae_overflow_hidden_temple,
          roderic_serpentine_path, grunt_ministairs_11, grunt_pakellas_mercury,
          uniq_jessica
D:3:      old_standard_altar, ecumenical_altar_1,
          nicolae_ru_great_annihilating_truth
D:4:      minmay_temple_entry_hall, uniq_pikel, uniq_eustachio, uniq_edmund

Skill      XL: |  1  2  3  4  5  6 |
---------------+-------------------+-----
Axes           | 3 4 5 6 |  6.0
Armour         | 3 |  3.6
Fighting       | |  3.2
Dodging        | |  1.5

Action                   |  1- 3 |  4- 6 || total
-------------------------+-------+-------++-------
Melee: Hand axe          |   106 |   166 ||   272
       War axe           |       |    81 ||    81
Invok: Berserk           |     2 |     2 ||     4
       Trog's Hand       |       |     1 ||     1
  Use: Scroll            |       |     5 ||     5
 Stab: Paralysed         |       |     1 ||     1
  Eat: Chunk             |     2 |     5 ||     7
       Bread ration      |       |     1 ||     1
Armor: Animal skin       |    38 |       ||    38
       Ring mail         |    20 |   161 ||   181
Dodge: Dodged            |    79 |   209 ||   288
